 Dungeon Crawl Stone Soup version 0.28-a0-245-g639a1a48b9 (webtiles) character file.

Game seed: 5766496741408418215

210 Colgate the Chopper (level 5, -1/41 HPs)
             Began as a Mummy Fighter on Aug 25, 2021.
             Slain by a gnoll (4 damage)
             ... on level 3 of the Dungeon.
             The game lasted 00:07:03 (3565 turns).

Colgate the Chopper (Mummy Fighter)                 Turns: 3565, Time: 00:07:04

Health: -1/41      AC:  8    Str: 21    XL:     5   Next: 56%
Magic:  5/5        EV:  5    Int:  7    God:
Gold:   103        SH:  7    Dex: 11    Spells: 4/4 levels left

rFire   x . .      SeeInvis .   Y - +0 war axe
rCold   + . .      Faith    .   c - +0 kite shield
rNeg    + + +      Spirit   .   d - +0 chain mail
rPois   ∞          Reflect  .   (no helmet)
rElec   .          Harm     .   (no cloak)
rCorr   .          Rampage  .   (no gloves)
Will    .....                   (no boots)
Stlth   ..........              (no amulet)
HPRegen 0.13/turn               (no ring)
MPRegen 0.09/turn               (no ring)

@: no status effects
A: cold resistance 1, negative energy resistance 3, torment resistance 2, heat
vulnerability 1, no potions
a: no special abilities


You were on level 3 of the Dungeon.
You visited 1 branch of the dungeon, and saw 3 of its levels.

You collected 103 gold pieces.


Innate Abilities, Weirdness & Mutations

You are immune to poison.
Your flesh is cold resistant. (rC+)
You are immune to negative energy. (rN+++)
You are immune to unholy pain and torment.
You are vulnerable to heat. (rF-)
You do not drink.


   Skills:
 - Level 3.0 Fighting
 + Level 4.6 Axes
 - Level 2.4 Armour
 - Level 1.2 Dodging
 - Level 2.4 Shields


You had 4 spell levels left.
You didn't know any spells.
Your spell library was empty.

Inventory:

Hand Weapons
 g - a +0 flail
 Y - a +0 war axe (weapon)
Armour
 c - a +0 kite shield (worn)
 d - a +0 chain mail (worn)
Scrolls
 a - 3 scrolls of identify
 b - a scroll of fog {unknown}

Dungeon Overview and Level Annotations

Branches:
Dungeon (3/15)

Altars:

Shops:
D:2 (


Message History

You slash the endoplasm!
You kill the endoplasm!
A gnoll comes into view. It is wielding a +0 flail.
The gnoll shouts!
The gnoll moves out of view. 2 gnolls come into view.
The gnoll shouts!
A gnoll comes into view. It is wielding a +0 spear.
The gnoll hits you with a +0 spear. The gnoll barely misses you.
You hit the gnoll but do no damage. You hit the gnoll.
The gnoll hits you but does no damage. You block the gnoll's attack.
The gnoll hits you with a +0 spear!
The gnoll hits you from afar with a +0 spear.
The gnoll barely misses you.
You slash the gnoll!
The gnoll is almost dead.
You hit the gnoll.
The gnoll hits you from afar with a +0 spear.
The gnoll hits you but does no damage. The gnoll hits you with a +0 spear.
You closely miss the gnoll.
The gnoll is almost dead.
You hit the gnoll. The gnoll barely misses you.
The gnoll completely misses you. The gnoll hits you but does no damage.
The gnoll hits you with a +0 spear. The gnoll hits you but does no damage.
The gnoll barely misses you. The gnoll hits you with a +0 flail.
You hit the gnoll but do no damage.
The gnoll is almost dead.
Your chain mail prevents you from hitting the gnoll.
You hit the gnoll but do no damage. The gnoll hits you but does no damage.
The gnoll barely misses you. x2
The gnoll hits you with a +0 flail.
You hit the gnoll but do no damage.
The gnoll is almost dead.
You hit the gnoll but do no damage. You barely miss the gnoll.
The gnoll completely misses you. The gnoll hits you with a +0 spear!
You block the gnoll's attack. The gnoll hits you with a +0 spear.
You block the gnoll's attack.
The gnoll hits you from afar with a +0 spear.
You die...

#.# #.......#
#.# #.#
###.....###.#
#.#
##........#
#.#
##.#######
#####.####
#.#
#........#
#.#
#.###.##.#
##'## #.##g#
##...##
#.##@#
##.....##
#..gg#
##.......##
##.g.#
#.........###
......
+.........+..
###...#
#.........###
...##
##.......##
..#.
##.!...##
..... ##...##
##'##


You could see 4 gnolls.

Vanquished Creatures
  A water moccasin zombie (D:3)
  An orc priest (D:3)
  An adder (D:3)
  2 gnolls (D:1)
  2 worms (D:2)
  2 dart slugs (D:3)
  9 orcs
  5 ball pythons
  9 endoplasms
  4 giant cockroaches
  3 goblins
  6 hobgoblins
  4 jackals (D:1)
  4 kobolds
  5 quokkas
  8 bats
  2 frilled lizards
  5 rats
73 creatures vanquished.

Vanquished Creatures (others)
  3 fungi (D:1)
3 creatures vanquished.

Grand Total: 76 creatures vanquished

Notes
Turn   | Place    | Note
-------+----------+-------------------------------------------
     0 | D:1      | Colgate the Mummy Fighter began the quest for the Orb.
     0 | D:1      | Reached XP level 1. HP: 18/18 MP: 1/1
     0 | D:1      | 0 ||| counter = 99
    56 | D:1      | Reached skill level 2 in Axes
   186 | D:1      | Reached XP level 2. HP: 24/24 MP: 2/2
   316 | D:1      | Reached skill level 3 in Axes
   316 | D:1      | Reached XP level 3. HP: 19/29 MP: 3/3
   419 | D:1      | 419 ||| DROPPING +0 whip.
   663 | D:1      | Found a faded altar of an unknown god.
  1156 | D:1      | 1156 ||| READING scroll labelled IRAIM WILUCUMP.
  1157 | D:1      | 1157 ||| READING scroll labelled QOPTIQUIWK.
  1158 | D:1      | 1158 ||| READING scroll labelled PIH LYOHIYBUJO.
  1473 | D:2      | Reached XP level 4. HP: 32/35 MP: 4/4
  1532 | D:2      | Found Okketos's Antique Weapon Boutique.
  1539 | D:2      | 1539 ||| SHOPLISTING ichor-stained flail (204 gold, have
                  | 55).
  1539 | D:2      | 1539 ||| SHOPLISTING masterwork morningstar (216 gold, have
                  | 55).
  2166 | D:2      | 2166 ||| DROPPING amulet of the acrobat.
  2167 | D:2      | 2167 ||| READING scroll labelled ENEETOM VINTIN.
  2473 | D:3      | Reached skill level 4 in Axes
  2473 | D:3      | Reached XP level 5. HP: 17/41 MP: 5/5
  2579 | D:3      | 2579 ||| STAIRDANCE
  2652 | D:2      | 2652 ||| READING scroll labelled LAEXENINONY.
  2798 | D:2      | 2798 ||| READING scroll labelled CEPECVA DAWA.
  2813 | D:3      | 2813 ||| STAIRDANCE
  2818 | D:3      | 2818 ||| STAIRDANCE
  2879 | D:3      | Reached skill level 1 in Dodging
  3176 | D:3      | 3176 ||| STAIRDANCE
  3181 | D:2      | 3181 ||| UPGRADING to +0 chain mail.
  3191 | D:2      | 3191 ||| DROPPING +0 scale mail.
  3195 | D:3      | 3195 ||| STAIRDANCE
  3565 | D:3      | HP: 5/41 [gnoll (7)]
  3565 | D:3      | Slain by a gnoll

Levels and vault maps discovered:
D:1:      minmay_arrival_up_and_down, layout_basic,
          shapermc_ecumenical_altar_petra
D:2:      layout_basic, serial_shops, nicolae_shop_waterfront
D:3:      layout_loops_corners, minmay_box_of_dots

Skill      XL: |  1  2  3  4  5 |
---------------+----------------+-----
Axes           | 2 3 4 |  4.6
Dodging        | 1 |  1.2
Fighting       | |  3.0
Armour         | |  2.4
Shields        | |  2.4

Action                   |  1- 3 |  4- 6 || total
-------------------------+-------+-------++-------
Melee: War axe           |    97 |   148 ||   245
  Use: Scroll            |     3 |     3 ||     6
Armor: Scale mail        |    55 |    72 ||   127
       Chain mail        |       |    19 ||    19
Dodge: Dodged            |    38 |    58 ||    96
Block: Kite shield       |    43 |    74 ||   117

Table legend:
 A = Non-vault XP
 B = Vault XP
 C = Vault XP percentage of total XP
 D = Non-vault monster count
 E = Vault monster count
 F = Vault count percentage of total count
                 A         B        C        D         E       F
            +---------+---------+-------+---------+---------+-------
      Total |     297 |       3 |   1.0 |      71 |       2 |   2.7
            +---------+---------+-------+---------+---------+-------
        D:1 |      80 |       0 |   0.0 |      31 |       0 |   0.0
        D:2 |      39 |       0 |   0.0 |      17 |       0 |   0.0
        D:3 |     178 |       3 |   1.7 |      23 |       2 |   8.0
            +---------+---------+-------+---------+---------+-------
